Map: Incorporeal LE

Players

madHATTER

  • Race: Zerg Zerg
  • League: Platinum
  • Spawn Location: 11:00

ManlyManMeat - Winner!

  • Race: Terran Terran
  • League: Diamond
  • Spawn Location: 5:00

VOD

Have the link to the VOD?

Description

Time

  • Played on: Sept. 20, 2025, 2:29 p.m.
  • Length: 17:29
Show
View Real Time Build Order
Export as new Build Order

madHATTER Zerg 

Build Orders: Hatch First, Ravager All-In 

Get SALT Encoding   

  12  0:00  Drone  
  13  0:08  Drone  
  14  0:17  Overlord  
  15  0:35  Drone x2  
  15  0:36  Drone  
  17  0:48  Drone  
  18  0:58  Hatchery  
  18  1:00  Drone  
  18  1:13  Spawning Pool  
  18  1:14  Drone  
  18  1:17  Extractor  
  17  1:25  Drone  
  18  1:37  Drone  
  19  1:42  Overlord  
  19  1:52  Drone  
  20  2:00  Queen  
  22  2:02  Zergling x2  
  23  2:12  Queen  
  23  2:13  Drone x2  
  27  2:30  Drone x2  
  29  2:38  Drone x2  
  31  2:50  Drone x2, Extractor  
  32  2:52  Roach Warren  
  32  2:57  Drone x2  
  33  3:04  Overlord  
  33  3:06  Overlord  
  33  3:14  Drone  
  33  3:18  Drone  
  34  3:41  Roach x3  
  36  3:42  Roach x5  
  36  3:48  Overlord x2  
  50  3:59  Roach  
  50  4:01  Overlord  
  56  4:10  Roach x4  
  56  4:13  Overlord  
  60  4:21  Extractor  
  60  4:24  Drone x3  
  61  4:28  Ravager x4  
  66  4:37  Ravager  
  58  4:56  Ravager  
  52  5:14  Ravager  
  52  5:17  Roach x2  
  55  5:32  Drone  
  55  5:33  Drone x9  
  65  5:36  Roach  
  67  5:46  Metabolic Boost  
  67  5:48  Hatchery  
  66  5:51  Lair  
  66  5:52  Hatchery  
  65  6:18  Drone x5  
  67  6:19  Drone x6  
  67  6:25  Spore Crawler  
  75  6:29  Spore Crawler, Queen  
  76  6:38  Extractor  
  75  6:41  Drone  
  75  6:42  Drone x2  
  78  6:50  Overlord x2  
  78  7:09  Spine Crawler, Spore Crawler, Overlord x3  
  78  7:13  Zergling x10  
  78  7:14  Zergling x2  
  82  7:21  Ravager x3  
  82  7:54  Roach  
  82  7:55  Roach x5  
  82  7:56  Roach x2  
  98  8:08  Roach x4  
  98  8:11  Zergling x4  
  98  8:12  Zergling x4  
  110  8:29  Drone x5, Extractor x2  
  113  8:52  Zergling x4  
  113  8:53  Zergling x10  
  120  9:04  Roach  
  120  9:10  Queen  
  120  9:19  Spire  
  119  9:25  Baneling Nest  
  119  9:30  Zergling x6  
  121  10:00  Spore Crawler  
  121  10:02  Spore Crawler, Queen  
  121  10:07  Overlord  
  121  10:08  Overlord x4  
  121  10:21  Centrifugal Hooks  
  121  10:25  Queen  
  123  10:30  Mutalisk x2  
  120  10:39  Mutalisk  
  120  10:40  Mutalisk x11  
  143  10:43  Ravager  
  144  10:52  Mutalisk x3  
  144  10:53  Mutalisk x3  
  156  11:00  Zergling x6  
  159  11:17  Overlord  
  159  11:18  Overlord x4  
  100  12:13  Drone x5, Spore Crawler  
  100  12:14  Drone  
  103  12:19  Mutalisk x5  
  103  12:20  Mutalisk x7  
  103  12:21  Mutalisk x3  
  133  12:39  Hatchery  
  106  12:48  Zergling x2  
  106  12:49  Zergling x12  
  106  12:50  Zergling x2  
  106  13:10  Baneling  
  106  13:11  Baneling x11  
  106  13:12  Baneling x4  
  105  13:51  Zergling x8  
  105  13:52  Zergling x24  
  105  13:53  Zergling x2  
  122  13:59  Zergling x8  
  126  14:08  Evolution Chamber, Drone  
  126  14:09  Drone x2, Evolution Chamber  
  127  14:10  Queen  
  123  14:41  Mutalisk x2  
  123  14:42  Mutalisk x12  
  131  15:24  Roach  
  131  15:25  Roach x9  
  131  15:26  Roach x5  
  150  15:49  Zergling x2  
  123  15:50  Zergling x16  
  123  15:51  Zergling x2  
  123  15:55  Hatchery  
  108  16:25  Mutalisk  
  108  16:26  Mutalisk x6  
  108  16:27  Mutalisk x3  
  128  16:33  Baneling  
  128  16:34  Baneling x8  
  128  16:35  Baneling x12  
  128  16:36  Baneling x5  
  128  16:48  Queen  
  130  16:59  Spore Crawler  
  130  17:01  Drone x3, Spore Crawler  
Show
View Real Time Build Order
Export as new Build Order

ManlyManMeat Terran - Winner!

Build Orders: Reaper Expand 

Get SALT Encoding   

  12  0:00  SCV  
  13  0:12  SCV  
  14  0:17  Supply Depot  
  14  0:24  SCV  
  15  0:39  SCV  
  15  0:41  Barracks  
  16  0:45  Refinery  
  16  0:51  SCV  
  17  1:03  SCV  
  18  1:15  SCV  
  19  1:29  Orbital Command  
  19  1:39  Command Center  
  19  1:43  Reaper  
  20  1:51  Supply Depot  
  20  1:55  SCV  
  21  2:08  SCV  
  22  2:17  Factory  
  22  2:20  Marine, SCV  
  24  2:26  Refinery  
  24  2:32  SCV  
  25  2:40  Barracks Reactor  
  25  2:44  SCV  
  25  2:56  Orbital Command, SCV  
  26  3:07  Supply Depot, Barracks  
  26  3:08  SCV  
  27  3:20  SCV  
  27  3:21  Marine x2  
  27  3:22  Factory Tech Lab  
  30  3:33  SCV  
  30  3:34  SCV  
  31  3:38  Marine  
  31  3:39  Marine  
  33  3:41  Siege Tank  
  33  3:45  SCV  
  33  3:46  SCV  
  38  3:50  Starport  
  38  3:52  Barracks  
  38  3:57  SCV  
  38  3:58  SCV  
  38  3:59  Bunker  
  40  4:05  Barracks Tech Lab  
  40  4:07  Marine x2, Refinery  
  40  4:09  SCV  
  43  4:10  SCV  
  44  4:19  Siege Tank  
  44  4:21  SCV  
  44  4:22  SCV  
  49  4:25  Marine x2  
  49  4:29  Supply Depot x2  
  51  4:33  SCV  
  51  4:34  SCV  
  53  4:40  Barracks Reactor  
  53  4:41  Starport Reactor  
  53  4:44  Stimpack  
  53  4:45  SCV  
  54  4:51  Marauder  
  52  4:58  Marine x2  
  53  5:17  Marine x2  
  53  5:20  Siege Tank  
  58  5:27  SCV x2  
  58  5:31  Marine  
  58  5:33  Medivac  
  60  5:39  SCV x2  
  60  5:41  Refinery  
  60  5:42  Marine x3  
  64  5:43  Marine  
  66  5:51  Command Center, SCV x2  
  66  5:55  Medivac  
  70  6:02  Engineering Bay  
  70  6:22  Supply Depot x2, Marine x5  
  70  6:23  Supply Depot, SCV x2  
  70  6:24  Siege Tank  
  80  6:26  Medivac  
  82  6:40  Reaper  
  82  6:44  Terran Infantry Weapons Level 1  
  82  6:46  SCV x2  
  85  6:47  Engineering Bay  
  85  6:57  Marine x4  
  85  6:58  SCV, Siege Tank  
  93  7:09  Medivac  
  93  7:12  Marine  
  93  7:14  Marine  
  97  7:17  Orbital Command, Command Center  
  95  7:30  Siege Tank  
  95  7:46  Marine x5  
  100  8:03  Marine  
  100  8:04  Marine  
  97  8:11  Marine x2  
  97  8:12  Orbital Command  
  99  8:17  Barracks  
  99  8:18  Barracks  
  99  8:19  Barracks, SCV x2  
  101  8:25  Marine x2  
  103  8:31  SCV x2  
  105  8:43  SCV x2  
  105  8:44  Marine x5  
  105  8:47  Engineering Bay, Terran Infantry Armor Level 1  
  112  8:48  Combat Shield  
  112  8:53  SCV  
  112  8:55  SCV x2  
  115  9:04  Marine x5  
  115  9:05  Medivac x2, SCV  
  115  9:07  SCV x2, Siege Tank  
  115  9:08  Barracks  
  130  9:13  Marine x2  
  130  9:14  Marine  
  134  9:17  SCV  
  134  9:22  SCV x2  
  134  9:23  Supply Depot  
  136  9:26  Supply Depot  
  136  9:27  Supply Depot  
  136  9:29  Supply Depot, SCV  
  137  9:39  Siege Tank  
  139  9:47  Supply Depot  
  139  9:49  Supply Depot, Marine x5  
  139  9:52  Supply Depot  
  144  9:53  Supply Depot  
  144  9:54  Factory  
  144  10:03  Marine x2  
  144  10:04  Marine  
  147  10:11  Planetary Fortress, Siege Tank  
  147  10:13  Supply Depot  
  147  10:14  Marine x5  
  155  10:21  Marine  
  155  10:42  Marine x4  
  153  10:45  Missile Turret  
  153  10:47  Marine x4  
  153  10:48  Missile Turret  
  153  10:49  Missile Turret  
  157  10:55  Missile Turret  
  157  10:57  Missile Turret  
  157  10:59  Marine x2  
  157  11:00  Marine, Siege Tank  
  157  11:01  Engineering Bay, Medivac x2  
  167  11:19  Marine x6  
  167  11:24  Barracks Tech Lab, Barracks Reactor  
  173  11:32  Missile Turret x2, Siege Tank  
  176  11:34  Missile Turret  
  176  11:37  Missile Turret  
  172  11:40  Missile Turret x3  
  172  11:41  Missile Turret  
  172  11:42  Missile Turret  
  116  12:11  Marine x4  
  116  12:15  Marine x5  
  119  12:18  Hi-Sec Auto Tracking, Neosteel Armor  
  119  12:22  Engineering Bay  
  121  12:28  Marine  
  121  12:29  Marine x2, Command Center  
  124  12:32  Command Center  
  124  12:33  Command Center  
  120  12:49  Marine x4  
  120  12:50  Marine x3  
  126  12:55  SCV x4  
  128  13:00  Refinery  
  128  13:01  Armory  
  128  13:02  Refinery  
  128  13:07  SCV  
  129  13:14  Siege Tank  
  129  13:17  Factory  
  132  13:20  Refinery  
  132  13:21  SCV x3  
  132  13:23  Refinery  
  129  13:44  Marine x4  
  129  13:45  Marine x2  
  129  13:46  Siege Tank  
  129  13:47  Medivac x2  
  142  13:49  Marauder  
  142  13:50  Barracks Tech Lab x2  
  142  13:52  Concussive Shells  
  131  13:56  Planetary Fortress  
  131  13:57  Orbital Command  
  131  13:59  Missile Turret x2  
  131  14:00  Missile Turret  
  131  14:02  Marine x3  
  134  14:06  Planetary Fortress  
  134  14:07  Marine  
  134  14:08  Marine x2  
  134  14:09  Refinery  
  137  14:12  Factory Tech Lab  
  137  14:14  Terran Infantry Weapons Level 2, Terran Infantry Armor Level 2  
  137  14:17  Terran Vehicle Weapons Level 1  
  137  14:18  Siege Tank  
  137  14:20  Marauder  
  137  14:21  Engineering Bay  
  137  14:22  Marauder  
  137  14:23  Marine x3, Marauder x2  
  151  14:25  Marine  
  151  14:26  Marine x2  
  148  14:38  Missile Turret  
  148  14:39  Missile Turret  
  148  14:40  Missile Turret x2  
  148  14:41  Marine x3  
  148  14:42  Siege Tank  
  148  14:44  Marauder x2  
  158  14:49  Missile Turret  
  158  14:50  Siege Tank  
  158  15:10  Missile Turret, Marine, SCV  
  158  15:11  Marine x4  
  158  15:12  Marauder x2  
  158  15:13  Missile Turret, Marauder  
  170  15:14  Missile Turret  
  170  15:15  Missile Turret x2, Siege Tank  
  170  15:18  Missile Turret  
  170  15:19  Missile Turret  
  173  15:22  Siege Tank  
  173  15:25  Medivac  
  173  15:26  Medivac  
  180  15:30  Starport  
  180  15:31  Starport  
  164  16:15  Marine x5  
  164  16:16  Marauder  
  164  16:17  Marauder x2  
  165  16:22  Thor x2  
  165  16:23  Medivac x2  
  179  16:28  Starport Reactor  
  179  16:32  Starport Reactor  
  179  16:43  Marine  
  179  16:44  Marine x3  
  183  16:53  Medivac x2  
  187  16:58  SCV x4  
  197  17:10  SCV x2  
  197  17:12  Command Center  
  199  17:18  Command Center  
  196  17:24  Command Center  
Tags
 
Add a new tag
Caveats
  • Supply blocks, unpowered buildings, or Contaminate may cause inaccurate times.
  • Supply counts are checked every 10 seconds.